 Dungeon Sprint DCSS version 0.31-a0-18-gea43df2a32 (webtiles) character file.

Game seed: 10231051236719468204

1728 sircluck the Grappler (level 8, 0/138 HPs)
             Began as a Troll Berserker on May 10, 2023.
             Was an Elder of Trog.
             Slain by a boulder beetle (16 damage)
             ... in the Dungeon (Sprint II: "The Violet Keep of Menkaure").
             The game lasted 00:01:20 (191 turns).

sircluck the Grappler (Troll Berserker)              Turns: 191, Time: 00:01:21

Health: 0/138      AC:  4    Str: 28    XL:     8   Next: 76%
Magic:  7/7        EV: 11    Int:  3    God:    Trog [****..]
Gold:   486        SH:  0    Dex:  7    Spells: 7/7 levels left

rFire   . .          .
                       - Unarmed
rCold   x . .        (no shield)
rNeg    . . .        a - +0 animal skin
rPois   .            (helmet restricted)
rElec   .            (no cloak)
rCorr   .            (gloves unavailable)
SInv    .            (boots unavailable)
Will    .....        (no amulet) Stlth
                     (no ring)
HPRegen 1.23/turn    (no ring)
MPRegen 0.10/turn

%: no teleportation
@: berserking (expiring), very quick
A: large, unfitting armour, claws 3, regeneration 1, shaggy fur 1, tough skin 1,
clumsy 1, deterioration 1, no potion heal 1, cold vulnerability 1
a: Renounce Religion, Berserk, Trog's Hand, Brothers in Arms


You were in the Dungeon.
You worshipped Trog.
Trog was greatly pleased with you.
You visited 1 branch You collected 486 gold pieces.

Inventory:

Armour
 a - a +0 animal skin (worn)
Scrolls
 g - a scroll of blinking
Potions
 b - a potion of curing
 c - a potion of heal wounds
 d - a potion of haste
 e - 2 potions of magic
 f - a potion of berserk rage


   Skills:
 + Level 9.6 Fighting
 + Level 9.7 Dodging
 + Level 12.6 Unarmed Combat


You had 7 spell levels left.
You didn't know any spells.
Your spell library was empty.

Dungeon Overview and Level Annotations

Branches:
Dungeon (1/1)

Altars:


Innate Abilities, Weirdness & Mutations

You are too large for most types of armour.
You have claws for hands.
Your natural rate of healing is unusually fast.
You are covered in fur. (AC +1)
You have tough skin. (AC +1)
You are clumsy. (Dex -2)
Your body sometimes deteriorates upon taking damage.
Potions are less effective at restoring your health.
You are vulnerable to cold. (rC-)


Message History

The boulder beetle leaps!
You scratch the boulder beetle but do no damage.
The boulder beetle is severely wounded.
The boulder beetle barely misses you.
You scratch the boulder beetle but do no damage.
You claw the boulder beetle, but do no damage.
The boulder beetle is severely wounded.
The boulder beetle bites you!
You claw the boulder beetle!
The boulder beetle is almost dead.
The boulder beetle closely misses you.
You claw the boulder beetle!
You kill the boulder beetle!
Trog accepts your kill. The boulder beetle bites you!!
Your Fighting skill increases to level 9!
Your Unarmed Combat skill increases to level 12!
Unknown command.
You scratch the boulder beetle but do no damage.
The boulder beetle is moderately wounded.
You scratch the boulder beetle but do no damage.
The boulder beetle is moderately wounded.
The boulder beetle bites you!!
* * * LOW HITPOINT WARNING * * *
You claw the boulder beetle!
The boulder beetle is moderately wounded.
The boulder beetle bites you!
* * * LOW HITPOINT WARNING * * *
You mangle the boulder beetle!!
The boulder beetle is severely wounded.
You scratch the boulder beetle but do no damage.
The boulder beetle is severely wounded.
The boulder beetle bites you.
* * * LOW HITPOINT WARNING * * *
You claw the boulder beetle!
The boulder beetle is severely wounded.
You barely miss the boulder beetle.
The boulder beetle is severely wounded.
The boulder beetle bites you!
You die...

##+##
##...##
#..#..#
####†#.## #
##.###'## .#
#...##.##.#
#@B<.†#
#..$##.##.#
##.# #'## .#
######.## #
#..##.#
##...##
##'##
#~~~~~~~~~§≈
#+++#+++#~≈≈


You could see a boulder beetle.

Vanquished Creatures
  A boulder beetle (D)
  2 wyverns (D)
  4 neqoxecs (D)
  Menkaure (D)
  4 necrophages (D)
12 creatures vanquished.

Vanquished Creatures (others)
  A water moccasin (D)
1 creature vanquished.

Grand Total: 13 creatures vanquished

Notes
Turn   | Place    | Note
-------+----------+-------------------------------------------
     0 | D        | sircluck the Troll Berserker began the quest for the Orb.
     0 | D        | Reached XP level 1. HP: 22/22 MP: 0/0
     1 | D        | Noticed a boulder beetle
     1 | D        | Noticed a boulder beetle
     5 | D        | Noticed a neqoxec
    10 | D        | Noticed a neqoxec
    14 | D        | Killed a neqoxec
    15 | D        | Reached skill level 5 in Fighting
    15 | D        | Reached skill level 5 in Dodging
    15 | D        | Reached skill level 6 in Unarmed Combat
    15 | D        | Reached XP level 2. HP: 34/35 MP: 1/1
    15 | D        | Reached XP level 3. HP: 41/42 MP: 2/2
    15 | D        | Reached XP level 4. HP: 49/50 MP: 3/3
    17 | D        | Noticed a neqoxec
    22 | D        | Killed a neqoxec
    23 | D        | Reached skill level 7 in Unarmed Combat
    23 | D        | Reached XP level 5. HP: 59/59 MP: 4/4
    27 | D        | Killed a neqoxec
    27 | D        | Reached ** piety under Trog
    28 | D        | Reached skill level 8 in Unarmed Combat
    28 | D        | Reached XP level 6. HP: 71/71 MP: 5/5
    30 | D        | Noticed a neqoxec
    30 | D        | Noticed a flying skull
    30 | D        | Noticed a flying skull
    30 | D        | Noticed a flying skull
    30 | D        | Noticed a flying skull
    30 | D        | Noticed a flying skull
    30 | D        | Noticed a flying skull
    30 | D        | Noticed a flying skull
    30 | D        | Gained mutation: You are clumsy. (Dex -2) [a neqoxec]
    30 | D        | Noticed a flying skull
    36 | D        | Gained mutation: You have hidden genetic defects. [a
                  | neqoxec]
    42 | D        | Gained mutation: You are vulnerable to cold. (rC-) [a
                  | neqoxec]
    43 | D        | Killed a neqoxec
    44 | D        | Reached skill level 9 in Unarmed Combat
    44 | D        | Gained mutation: Potions are less effective at restoring
                  | your health. [hidden defects]
    45 | D        | Noticed a flying skull
    45 | D        | Noticed a flying skull
    46 | D        | Noticed Menkaure
    46 | D        | Noticed a flying skull
    47 | D        | Killed Menkaure
    47 | D        | Reached *** piety under Trog
    47 | D        | Noticed a flying skull
    48 | D        | Reached XP level 7. HP: 37/79 MP: 6/6
    64 | D        | Gained mutation: Your body sometimes deteriorates upon
                  | taking damage. [hidden defects]
    64 | D        | Lost mutation: You have hidden genetic defects. [hidden
                  | defects expressed]
    89 | D        | Reached skill level 10 in Unarmed Combat
   104 | D        | Reached **** piety under Trog
   115 | D        | Noticed a wyvern
   115 | D        | Noticed a wyvern
   119 | D        | Killed a wyvern
   120 | D        | Reached skill level 11 in Unarmed Combat
   120 | D        | Reached XP level 8. HP: 89/89 MP: 7/7
   184 | D        | Killed a boulder beetle
   185 | D        | Reached skill level 12 in Unarmed Combat
   191 | D        | Slain by a boulder beetle

Illustrated notes

Levels and vault maps discovered:
D:        the_violet_keep_of_menkaure [sprint2_stairs_cluster_1,
          sprint2_shoproom, sprint2_temple, sprint2_basic_supplies,
          sprint2_obstacle_1, sprint2_obstacle_7, sprint2_obstacle_5,
          sprint2_obstacle_3, sprint2_obstacle_4, sprint2_timed_cluster_1,
          sprint2_smallroom_cluster_1, sprint2_smallroom_final_cluster_1,
          sprint2_transparent_cluster_1, sprint2_second_timed_cluster_1,
          sprint2_sniper_area_1, sprint2_heavy_combat_area_1,
          sprint2_mutation_trap_area_1, sprint2_forest_area_1,
          sprint2_light_combat_area_1, sprint2_behind_water_1,
          sprint2_near_end_vault_1]

Skill      XL: |  1  2  3  4  5  6  7  8 |
---------------+-------------------------+-----
Fighting       | 5 6 7 8 9 |  9.6
Dodging        | 5 6 7 8 9 |  9.7
Unarmed Combat | 6 7 8 9 11 12 | 12.6

Action                     |  1- 3 |  4- 6 |  7- 9 || total
---------------------------+-------+-------+-------++-------
  Melee: Unarmed           |     6 |    24 |    44 ||    74
         Punch             |       |     1 |     2 ||     3
 Invoke: Berserk           |     1 |       |     2 ||     3
 Armour: Animal skin       |       |     3 |     7 ||    10
  Dodge: Dodged            |     1 |     8 |    12 ||    21

Table legend: (Time is in decaauts)
 A = Elapsed time spent in this place.
 B = Non-inter-level travel time spent in this place.
 C = Inter-level travel time spent in this place.
 D = Time resting spent in this place.
 E = Time spent auto-exploring this place.
 F = Levels seen in this place.
 G = Mean time per level.
                   A        B        C        D        E       F      G
               +--------+--------+--------+--------+--------+-----+--------+
         Total |    189 |    173 |     16 |     73 |      3 |   1 |  189.0 |
       Dungeon |    189 |    173 |     16 |     73 |      3 |   1 |  189.0 |
               +--------+--------+--------+--------+--------+-----+--------+

Top non-repeatable levels by time:
       D: 189 daAuts
